 Dungeon Sprint DCSS version 0.31-a0-1074-g0b22e4e0f1 (webtiles) character file.

Game seed: 8427779501322210746

3656 rocky1 the Unseen (level 10, -11/91 HPs)
             Began as a Gargoyle Brigand on Dec 1, 2023.
             Was a High Priest of Okawaru.
             Mangled by Agnes
             ... wielding a +0 vampiric lajatang
              (12 damage)
             ... in the Dungeon (Sprint IV: "Fedhas' Mad Dash").
             The game lasted 00:06:19 (2398 turns).

rocky1 the Unseen (Gargoyle Brigand)                Turns: 2398, Time: 00:06:20

Health: -11/91     AC: 12    Str: 15    XL:     10   Next: 12%
Magic:  15/15      EV: 14    Int: 12    God:    Okawaru [*****.]
Gold:   219        SH:  0    Dex: 15    Spells: 9/9 levels left

rFire   . . .        a - +2 dagger
rCold   . . .        (no shield)
rNeg    + . .        o - +0 leather armour
rPois   ∞            (no helmet)
rElec   +            c - +0 cloak
rCorr   .            (no gloves)
SInv    .            (no boots)
Will    .....        l - amulet of invisibility {+Inv} Stlth
                     (no ring)
HPRegen 0.35/turn    (no ring)
MPRegen 0.14/turn

%: no teleportation
@: berserking, heroic, very slightly contaminated, invisible (expiring), very
quick
A: sickness immunity, AC +7, negative energy resistance 1, electricity
resistance, torment resistance 1, petrification resistance
a: Renounce Religion, Evoke Invisibility, Heroism, Finesse


You were in the Dungeon.
You worshipped Okawaru.
Okawaru was extremely pleased with you.
You visited 1 branch You collected 219 gold pieces.

Inventory:

Hand Weapons
 a - a +2 dagger (weapon)
 n - a +0 rapier
Missiles
 d - 12 poisoned darts
Armour
 b - a +0 robe
 c - a +0 cloak (worn)
 o - a +0 leather armour (worn)
Jewellery
 l - the amulet of invisibility (around neck) {+Inv}
   (You found it in the Dungeon)

   [amulet of nothing]

   +Inv:      It lets you turn invisible.
 p - a ring of wizardry
Wands
 q - a wand of mindburst (6) (quivered)
Scrolls
 k - a scroll of blinking
Potions
 f - a potion of curing
 g - a potion of heal wounds
 h - a potion of haste
 i - 2 potions of magic
 m - a potion of cancellation {unknown}


   Skills:
 + Level 6.3(11.3) Fighting
 + Level 8.4(13.4) Short Blades
 - Level 4.0(9.0) Throwing
 + Level 3.4(8.4) Armour
 + Level 0.9(5.9) Dodging
 + Level 19.5(24.5) Stealth
 + Level 7.3 Invocations
 + Level 8.4 Evocations


You had 9 spell levels left.
You didn't know any spells.
Your spell library contained the following spells:

 Spells                   Type           Power      Damage    Failure   Level
 Slow                     Hex            0%         N/A       36%         1
 Confusing Touch          Hex            0%         N/A       75%         3
 Ozocubu's Armour         Ice            0%         N/A       75%         3
 Sigil of Binding         Hex            0%         N/A       75%         3
 Vampiric Draining        Necr           0%         2d6       75%         3
 Metabolic Englaciation   Hex/Ice        0%         N/A       100%        5
 Simulacrum               Ice/Necr       Unusable   N/A       N/A         6

Dungeon Overview and Level Annotations

Branches:
Dungeon (1/1)

Altars:
Cheibriados
Dithmenos
Elyvilon
Gozag
Hepliaklqana
Kikubaaqudgha
Makhleb
Nemelex Xobeh
Okawaru
Qazlal
Ru
Sif Muna
Trog
Uskayaw
Vehumet
Wu Jian
Xom
Yredelemnul
Zin
The Shining One
Jiyva
Lugonu

Shops:
D [?=(

Annotations:
D Agnes


Innate Abilities, Weirdness & Mutations

You are immune to sickness and miasma.
Your stone body is resilient. (AC +7)
You are immune to poison.
You resist negative energy. (rN+)
You are resistant to electric shocks. (rElec)
You are resistant to unholy torment.
You are immune to petrification.


Message History

You puncture Agnes!
Agnes is moderately wounded.
Agnes closely misses you.
A red film seems to cover your vision as you go berserk!
You feel yourself moving faster!
You feel mighty! Agnes completely misses you.
You miss Agnes.
Agnes is lightly wounded.
Agnes hits you with a +0 vampiric lajatang.
You puncture Agnes!
Agnes is moderately wounded.
You closely miss Agnes.
Agnes is moderately wounded.
You hit Agnes.
Agnes is moderately wounded.
Agnes hits you with a +0 vampiric lajatang!
You puncture Agnes!
Agnes is heavily wounded.
You hit Agnes.
Agnes is heavily wounded.
Agnes closely misses you.
You puncture Agnes!
Agnes is heavily wounded.
Agnes is no longer moving slowly.
You hit Agnes.
Agnes is heavily wounded.
Agnes hits you with a +0 vampiric lajatang!!
* * * LOW HITPOINT WARNING * * *
You puncture Agnes!
Agnes is severely wounded.
You flicker for a moment.
You puncture Agnes!
Agnes is severely wounded.
Agnes barely misses you.
You puncture Agnes!
Agnes is almost dead.
You hit Agnes.
Agnes is almost dead.
Agnes hits you with a +0 vampiric lajatang!
You die...
Agnes says, "May you follow the Path of Peace in your next life."

##############################
#.⌠._._._._.⌠.#..'.[)#....##∩#
'.._._._._._..'..#...#....'..#
#..._._._._...#..###'##..[##∩#
#.._._._._._..#..##∩∩.'...####
#._._._._._.⌠.#############
##################
#♣♣♣♣♣..♣.###.'.[+
......♣..♣##..#.@#
♣..♣♣♣.♣).###.##i#
.♣♣..♣...♣'...#♣.♣ #
#############... ♣.( .... ♣(..
#####


You could see Agnes (poisoned).

Vanquished Creatures
  A spriggan druid (D)
  3 oklob plants (D)
  3 burning bushes (D)
  A queen bee (D)
  3 wandering mushrooms (D)
  3 scorpions (D)
  4 killer bees (D)
  5 oklob saplings (D)
  2 spriggans (D)
  A river rat (D)
  A rat (D)
  A ballistomycete spore (D)
28 creatures vanquished.

Notes
Turn   | Place    | Note
-------+----------+-------------------------------------------
     0 | D        | rocky1 the Gargoyle Brigand began the quest for the Orb.
     0 | D        | Reached XP level 1. HP: 12/12 MP: 1/1
    14 | D        | Reached skill level 5 in Stealth
    14 | D        | Reached XP level 2. HP: 9/19 MP: 2/2
   256 | D        | Noticed an oklob sapling
   258 | D        | Killed an oklob sapling
   259 | D        | Reached skill level 7 in Stealth
   259 | D        | Reached XP level 3. HP: 23/23 MP: 3/3
   261 | D        | Noticed a scorpion
   261 | D        | Found the amulet of invisibility {+Inv}
   263 | D        | Killed a scorpion
   264 | D        | Reached skill level 9 in Stealth
   264 | D        | Reached XP level 4. HP: 29/29 MP: 4/4
   289 | D        | Found an opulent altar of Gozag.
   289 | D        | Found a hazy altar of Hepliaklqana.
   289 | D        | Found a burning altar of Makhleb.
   289 | D        | Found a sparkling altar of Nemelex Xobeh.
   289 | D        | Found a snail-covered altar of Cheibriados.
   289 | D        | Found a sacrificial altar of Ru.
   289 | D        | Found a shimmering blue altar of Sif Muna.
   289 | D        | Found a shimmering altar of Xom.
   289 | D        | Found a basalt altar of Yredelemnul.
   290 | D        | Found a viscous altar of Jiyva.
   290 | D        | Found a bloodstained altar of Trog.
   290 | D        | Found an ornate altar of the Wu Jian Council.
   290 | D        | Noticed an oklob sapling priest
   291 | D        | Found an iron altar of Okawaru.
   291 | D        | Found a shadowy altar of Dithmenos.
   291 | D        | Found a glowing silver altar of Zin.
   292 | D        | Found an ancient bone altar of Kikubaaqudgha.
   292 | D        | Found a hide-covered altar of Uskayaw.
   293 | D        | Found a stormy altar of Qazlal.
   293 | D        | Found a white marble altar of Elyvilon.
   293 | D        | Found a glowing golden altar of the Shining One.
   294 | D        | Found a corrupted altar of Lugonu.
   294 | D        | Found a radiant altar of Vehumet.
   297 | D        | Killed an oklob sapling priest
   298 | D        | Reached skill level 10 in Stealth
   298 | D        | Reached XP level 5. HP: 33/33 MP: 5/5
   301 | D        | Became a worshipper of Warmaster Okawaru
   313 | D        | Reached skill level 1 in Invocations
   313 | D        | Reached skill level 1 in Evocations
   474 | D        | Reached skill level 11 in Stealth
   475 | D        | Reached XP level 6. HP: 39/39 MP: 6/8
   491 | D        | Found Ceh Xeaq's Magic Scroll Shop.
   491 | D        | Found Naoge's Antique Armour Emporium.
   605 | D        | Noticed a burning bush
   605 | D        | Noticed a wandering mushroom
   606 | D        | Noticed a wandering mushroom
   609 | D        | Killed a burning bush
   609 | D        | Reached * piety under Okawaru
   610 | D        | Reached skill level 5 in Short Blades
   610 | D        | Reached skill level 13 in Stealth
   610 | D        | Reached skill level 5 in Invocations
   610 | D        | Reached XP level 7. HP: 44/44 MP: 8/10
   610 | D        | Killed a wandering mushroom
   610 | D        | Reached ** piety under Okawaru
   611 | D        | Reached skill level 5 in Fighting
   611 | D        | Reached skill level 14 in Stealth
   611 | D        | Killed a wandering mushroom
   612 | D        | Reached XP level 8. HP: 49/49 MP: 8/13
   614 | D        | Reached skill level 15 in Stealth
   753 | D        | Found Doxa's Antique Weapon Emporium.
   753 | D        | Found Isorel's Jewellery Shoppe.
   810 | D        | Reached skill level 5 in Evocations
   830 | D        | Noticed a queen bee
   835 | D        | Killed a queen bee
   841 | D        | Reached skill level 16 in Stealth
   842 | D        | Noticed an oklob plant
   845 | D        | Killed an oklob plant
   845 | D        | Reached *** piety under Okawaru
   846 | D        | Reached skill level 1 in Armour
   846 | D        | Reached XP level 9. HP: 55/55 MP: 12/14
  1179 | D        | Noticed a burning bush
  1182 | D        | Killed a burning bush
  1182 | D        | Reached **** piety under Okawaru
  1183 | D        | Reached skill level 17 in Stealth
  1412 | D        | Noticed a burning bush
  1412 | D        | Noticed an oklob plant
  1413 | D        | Noticed a wandering mushroom
  1414 | D        | Killed a burning bush
  1419 | D        | Killed an oklob plant
  1420 | D        | Reached skill level 18 in Stealth
  1422 | D        | Killed a wandering mushroom
  1973 | D        | Noticed a spriggan druid
  1974 | D        | Killed a spriggan druid
  1974 | D        | Reached ***** piety under Okawaru
  1975 | D        | Reached skill level 19 in Stealth
  1975 | D        | Reached XP level 10. HP: 60/60 MP: 15/15
  2115 | D        | Noticed an oklob plant conjurer
  2117 | D        | Killed an oklob plant conjurer
  2374 | D        | Noticed Agnes
  2394 | D        | HP: 1/91 [Agnes/+0 vampiric lajatang (28)]
  2398 | D        | Mangled by Agnes

Illustrated notes

Levels and vault maps discovered:
D:        dungeon_sprint_fedhas [sprint_temple]

Skill      XL: |  1  2  3  4  5  6  7  8  9 |
---------------+----------------------------+-----
Fighting       | 3 4 5 6 |  6.3
Short Blades   | 2 3 4 5 6 7 8 |  8.4
Throwing       | 2 3 4 |  4.0
Stealth        | 5 7 9 10 11 13 14 16 19 | 19.5
Invocations    | 3 5 6 7 |  7.3
Evocations     | 1 3 4 6 8 |  8.4
Armour         | 1 3 |  3.4
Dodging        | |  0.9

Action                     |  1- 3 |  4- 6 |  7- 9 | 10-12 || total
---------------------------+-------+-------+-------+-------++-------
  Melee: Dagger            |     7 |     6 |    16 |    21 ||    50
  Throw: Dart              |     3 |       |       |     3 ||     6
 Invoke: Heroism           |       |       |     2 |     2 ||     4
Ability: Evoke Invisibilit |       |     4 |     3 |     3 ||    10
  Evoke: Wand              |       |       |       |     1 ||     1
    Use: Potion            |       |       |       |     1 ||     1
   Stab: Sleeping          |     2 |     5 |    16 |     2 ||    25
         Invisible         |       |     1 |       |       ||     1
 Armour: Robe              |     1 |       |       |       ||     1
         Leather armour    |       |       |       |     7 ||     7
  Dodge: Dodged            |     1 |       |       |     6 ||     7

Table legend: (Time is in decaauts)
 A = Elapsed time spent in this place.
 B = Non-inter-level travel time spent in this place.
 C = Inter-level travel time spent in this place.
 D = Time resting spent in this place.
 E = Time spent auto-exploring this place.
 F = Levels seen in this place.
 G = Mean time per level.
                   A        B        C        D        E       F      G
               +--------+--------+--------+--------+--------+-----+--------+
         Total |   2376 |   2376 |      0 |   2012 |      0 |   1 | 2376.0 |
       Dungeon |   2376 |   2376 |      0 |   2012 |      0 |   1 | 2376.0 |
               +--------+--------+--------+--------+--------+-----+--------+

Top non-repeatable levels by time:
       D: 2376 daAuts
